 Dungeon Crawl Stone Soup version 0.24.1-4-ge52af88ad5 (webtiles) character file.

Game seed: 17809020638167837333, levelgen mode: deterministic

429 Peloso the Shield-Bearer (level 6, 0/56 HPs)
             Began as a Minotaur Fighter on Apr 14, 2020.
             Succumbed to Duvessa's poison
             ... on level 4 of the Dungeon.
             The game lasted 00:05:20 (1972 turns).

Peloso the Shield-Bearer (Minotaur Fighter)         Turns: 1972, Time: 00:05:20

Health: 0/56       AC: 12    Str: 26    XL:     6   Next: 66%
Magic:  5/5        EV:  7    Int:  5    God:
Gold:   109        SH: 10    Dex: 11    Spells: 5/5 levels left

rFire    . . .     SeeInvis .   a - +0 long sword
rCold    . . .     Gourm    .   c - +0 shield
rNeg     . . .     Faith    .   j - +0 chain mail (curse)
rPois    .         Spirit   .   (helmet restricted)
rElec    .         Reflect  .   r - +0 cloak
rCorr    .         Harm     .   k - +0 pair of gloves
MR       .....                  (no boots)
Stlth    ..........             (no amulet)
HPRegen  0.18/turn              (no ring)
MPRegen  0.09/turn              (no ring)

@: mighty, lethally poisoned (0 -> -6)
A: retaliatory headbutt, horns 2
a: no special abilities


You were on level 4 of the Dungeon.
You were hungry.

You visited 1 branch of the dungeon, and saw 4 of its levels.

You collected 109 gold pieces.

Inventory:

Hand Weapons
 a - a +0 long sword (weapon)
Armour
 b - a +0 scale mail
 c - a +0 shield (worn)
 j - a cursed +0 chain mail (worn)
 k - a +0 pair of gloves (worn)
 r - a +0 cloak (worn)
Jewellery
 o - an uncursed ring of see invisible
Wands
 m - a wand of iceblast (8)
Scrolls
 e - 2 scrolls of identify
 g - 3 scrolls of remove curse {unknown}
 h - 6 scrolls of teleportation
 i - 2 scrolls of blinking
 n - a scroll of enchant weapon {unknown}
Comestibles
 f - 8 rations


   Skills:
 + Level 5.1 Fighting
 + Level 5.3 Long Blades
 + Level 5.2 Armour
 + Level 1.1 Dodging
 + Level 5.3 Shields


You had 5 spell levels left.
You didn't know any spells.
Your spell library contained the following spells:

 Spells                   Type           Power        Failure   Level  Hunger
 Magic Dart               Conj           #...         100%        1    ##.....
 Blink                    Tloc           N/A          100%        2    ###....
 Call Imp                 Summ           #.......     100%        2    ###....
 Slow                     Hex            #.......     100%        2    ###....
 Conjure Flame            Conj/Fire      #.......     100%        3    ####...
 Mephitic Cloud           Conj/Pois/Air  #.......     100%        3    ####...


Dungeon Overview and Level Annotations

Branches:
Dungeon (4/15)
 Temple: D:4-7

Altars:
Cheibriados


Innate Abilities, Weirdness & Mutations

You reflexively headbutt those who attack you in melee.
You have a pair of horns on your head.


Message History

You feel sick.
* * * LOW HITPOINT WARNING * * *
You feel sick.
* * * LOW HITPOINT WARNING * * *
You feel sick.
You see here a scroll labeled ENGU FERRASKO.
* * * LOW HITPOINT WARNING * * *
You feel sick.
Found an escape hatch in the floor.
* * * LOW HITPOINT WARNING * * *
You feel sick.
* * * LOW HITPOINT WARNING * * *
You feel sick.
* * * LOW HITPOINT WARNING * * *
You feel sick.
* * * LOW HITPOINT WARNING * * *
You feel sick.
* * * LOW HITPOINT WARNING * * *
You feel sick.
You die...

..... #.... .... #
.......... .#
...... ..# ...
...... ..## ....
......##..#.....
................
........@..>....
.####..........
#....##.......
..##....#...##...
#............#...#
...###.#.#......#
.. ###.##....)## #
#?.#......##
#..##......#...###


There were no monsters in sight!

Vanquished Creatures
  Duvessa (D:4)
  Dowan (D:4)
  Crazy Yiuf (D:2)
  Terence (D:2)
  Natasha (thrice) (D:2)
  3 gnolls (D:3)
  3 adders
  7 worms
  6 leopard geckos
  4 bats
  4 giant cockroaches
  14 hobgoblins
  6 jackals
  6 kobolds
  3 frilled lizards
  4 goblins
  10 rats
77 creatures vanquished.

Notes
Turn   | Place    | Note
-------+----------+-------------------------------------------
     0 | D:1      | Peloso the Minotaur Fighter began the quest for the Orb.
     0 | D:1      | Reached XP level 1. HP: 19/19 MP: 0/0
   294 | D:1      | Reached XP level 2. HP: 27/27 MP: 1/1
   790 | D:2      | Noticed Terence
   799 | D:2      | Killed Terence
   799 | D:2      | Reached XP level 3. HP: 33/34 MP: 2/2
   824 | D:2      | Reached XP level 4. HP: 26/41 MP: 3/3
  1084 | D:2      | Found a runed translucent door.
  1085 | D:2      | Noticed Crazy Yiuf
  1119 | D:2      | Noticed Natasha
  1125 | D:2      | Killed Natasha
  1142 | D:2      | Noticed Natasha
  1148 | D:2      | Killed Natasha
  1148 | D:2      | Reached XP level 5. HP: 39/47 MP: 4/4
  1168 | D:2      | Noticed Natasha
  1172 | D:2      | Killed Natasha
  1340 | D:2      | Killed Crazy Yiuf
  1476 | D:3      | Found a snail-covered altar of Cheibriados.
  1816 | D:3      | Reached skill level 5 in Shields
  1821 | D:3      | Reached XP level 6. HP: 55/55 MP: 5/5
  1945 | D:4      | Noticed Dowan
  1945 | D:4      | Noticed Duvessa
  1954 | D:4      | Killed Dowan
  1954 | D:4      | Reached skill level 5 in Fighting
  1954 | D:4      | Reached skill level 5 in Long Blades
  1954 | D:4      | Reached skill level 5 in Armour
  1961 | D:4      | Killed Duvessa
  1961 | D:4      | Reached skill level 1 in Dodging
  1970 | D:4      | HP: 2/56 [poisoned by Duvessa]
  1972 | D:4      | Succumbed to Duvessa's poison

Levels and vault maps discovered:
D:1:      tarquinn_simple_flora_water_a, layout_rooms,
          wad_floor_pattern_untrapped
D:2:      layout_rooms, first_ration, uniq_natasha, uniq_terence,
          uniq_crazy_yiuf_cottage
D:3:      layout_rooms, lemuel_crystal_altar, guppyfry_early_lair_pool
D:4:      layout_cave_pools, chequers_temple_overflow_minitemple, uniq_duvessa,
          uniq_grinder, uniq_pikel, uniq_sigmund

Skill      XL: |  1  2  3  4  5  6 |
---------------+-------------------+-----
Fighting       | 4 5 |  5.1
Armour         | 4 5 |  5.2
Shields        | 4 5 |  5.3
Long Blades    | 3 4 5 |  5.3
Dodging        | 1 |  1.1

Action                   |  1- 3 |  4- 6 || total
-------------------------+-------+-------++-------
Melee: Long sword        |    54 |   143 ||   197
       Headbutt          |     4 |    26 ||    30
  Use: Potion            |     2 |     2 ||     4
       Scroll            |       |     4 ||     4
  Eat: Chunk             |       |     3 ||     3
Armor: Scale mail        |    33 |     4 ||    37
       Chain mail        |       |    73 ||    73
Dodge: Dodged            |    27 |    28 ||    55
Block: Shield            |    32 |    95 ||   127
       Rpst.: Long sword |     9 |     7 ||    16
